Map: Catallena LE (Void)

Players

SamuraiFunn - Winner!

  • Race: Protoss Protoss
  • Spawn Location: 12:00

A.I. 1 (Hard)

  • Race: Zerg Zerg
  • Spawn Location: 9:00

VOD

Have the link to the VOD?

Description

Time

  • Played on: Oct. 28, 2017, 12:35 p.m.
  • Length: 17:46
Show
View Real Time Build Order
Export as new Build Order

SamuraiFunn Protoss - Winner!

Build Orders:  

Get SALT Encoding   

  12  0:02  Probe (Chrono Boost)  
  13  0:12  Probe (Chrono Boost)  
  14  0:20  Pylon  
  14  0:23  Probe (Chrono Boost)  
  15  0:39  Probe (Chrono Boost)  
  16  0:43  Gateway  
  16  0:49  Probe (Chrono Boost)  
  17  0:56  Gateway  
  17  1:00  Probe (Chrono Boost)  
  18  1:09  Assimilator  
  18  1:10  Probe (Chrono Boost)  
  19  1:21  Probe (Chrono Boost)  
  20  1:28  Pylon  
  20  1:31  Probe (Chrono Boost), Zealot  
  23  1:46  Probe (Chrono Boost), Pylon  
  24  1:49  Zealot  
  26  1:56  Probe (Chrono Boost)  
  26  1:58  Zealot  
  26  2:01  Pylon  
  29  2:10  Cybernetics Core  
  29  2:20  Forge  
  29  2:24  Probe (Chrono Boost)  
  30  2:35  Assimilator  
  30  2:44  Zealot  
  30  2:45  Zealot  
  30  2:47  Probe (Chrono Boost)  
  35  3:01  Gateway  
  35  3:12  Protoss Shields Level 1  
  35  3:23  Adept  
  35  3:24  Adept  
  39  3:31  Probe (Chrono Boost)  
  40  3:42  Probe (Chrono Boost)  
  41  3:50  Adept  
  41  3:52  Probe (Chrono Boost)  
  44  3:59  Nexus  
  44  4:03  Probe (Chrono Boost)  
  44  4:06  Pylon  
  45  4:13  Probe (Chrono Boost)  
  46  4:24  Pylon, Adept  
  48  4:34  Adept  
  48  4:35  Pylon  
  49  5:02  Adept  
  51  5:11  Pylon  
  51  5:12  Probe (Chrono Boost)  
  51  5:13  Assimilator  
  52  5:17  Assimilator  
  52  5:19  Adept  
  54  5:22  Probe (Chrono Boost)  
  54  5:23  Protoss Ground Weapons Level 1  
  55  5:33  Probe (Chrono Boost)  
  56  5:43  Probe (Chrono Boost)  
  56  5:48  Adept  
  59  5:54  Probe (Chrono Boost)  
  60  5:58  Gateway  
  60  6:19  Adept  
  62  6:28  Probe (Chrono Boost)  
  63  6:38  Probe (Chrono Boost)  
  61  6:49  Probe (Chrono Boost)  
  57  7:10  Adept x4  
  64  7:21  Photon Cannon  
  64  7:23  Photon Cannon  
  64  7:27  Photon Cannon  
  62  7:30  Pylon  
  62  7:33  Pylon  
  62  7:38  Adept  
  62  7:42  Photon Cannon  
  62  7:44  Photon Cannon  
  62  7:48  Adept  
  56  8:22  Nexus  
  52  8:27  Assimilator  
  52  8:33  Pylon  
  52  8:36  Pylon  
  48  8:44  Pylon  
  48  8:54  Zealot  
  48  8:55  Nexus  
  50  9:04  Photon Cannon  
  50  9:09  Photon Cannon  
  50  9:10  Photon Cannon x2  
  50  9:30  Photon Cannon  
  50  9:34  Photon Cannon  
  50  9:49  Robotics Facility  
  50  10:06  Pylon  
  50  10:38  Probe (Chrono Boost)  
  51  10:49  Probe (Chrono Boost)  
  52  10:59  Probe (Chrono Boost)  
  52  11:01  Photon Cannon x2  
  52  11:03  Photon Cannon  
  53  11:04  Photon Cannon  
  51  11:23  Zealot x3  
  51  11:24  Zealot  
  59  11:34  Robotics Facility  
  59  11:36  Robotics Facility  
  59  11:39  Robotics Facility  
  59  11:44  Immortal  
  63  11:50  Zealot  
  63  11:51  Protoss Ground Armor Level 1  
  65  12:14  Photon Cannon  
  65  12:16  Photon Cannon  
  65  12:20  Photon Cannon  
  65  12:21  Photon Cannon  
  65  12:24  Photon Cannon  
  65  12:26  Immortal  
  69  12:46  Immortal  
  69  12:47  Immortal  
  69  12:48  Immortal  
  81  13:05  Stalker  
  81  13:09  Stalker  
  81  13:10  Stalker x2  
  67  14:05  Stalker  
  67  14:06  Stalker x3  
  73  14:34  Immortal  
  73  14:35  Stalker x2  
  73  14:36  Stalker x2  
  85  15:05  Stalker x2  
  85  15:06  Stalker x2  
  93  15:09  Immortal x3  
  93  15:14  Immortal  
  109  15:27  Nexus  
  109  15:35  Pylon, Stalker x2  
  113  16:01  Observer  
  114  16:16  Observer x2  
  114  16:17  Warp Prism  
  118  16:32  Immortal  
  122  16:37  Immortal x2  
  130  16:43  Probe (Chrono Boost)  
  131  16:53  Probe (Chrono Boost), Immortal  
  136  17:04  Probe (Chrono Boost)  
  137  17:14  Probe (Chrono Boost)  
  138  17:25  Probe (Chrono Boost)  
Show
View Real Time Build Order
Export as new Build Order

A.I. 1 (Hard) Zerg 

Build Orders: Pool First, Zergling Baneling 

Get SALT Encoding   

  12  0:00  Drone  
  13  0:12  Overlord  
  13  0:18  Drone  
  14  0:31  Drone  
  14  0:32  Drone  
  16  0:42  Spawning Pool  
  16  0:45  Drone  
  16  0:49  Drone  
  17  0:52  Extractor  
  17  0:56  Drone  
  17  1:06  Overlord  
  17  1:30  Queen  
  17  1:31  Zergling x2  
  20  1:36  Zergling x2  
  20  1:37  Roach Warren  
  20  1:38  Drone  
  21  1:43  Extractor  
  20  1:49  Drone  
  21  1:55  Baneling Nest  
  21  2:00  Drone  
  21  2:11  Drone  
  22  2:21  Zergling x2  
  23  2:32  Drone  
  24  2:37  Zergling x2, Overlord  
  24  2:41  Zergling x2  
  26  2:46  Baneling x2, Zergling x2  
  26  2:50  Baneling  
  26  2:51  Baneling  
  27  2:55  Drone  
  29  3:05  Zergling x2  
  29  3:09  Overlord  
  29  3:10  Zergling x2  
  30  3:14  Zergling x2  
  30  3:18  Zergling x2  
  32  3:28  Zergling x2  
  32  3:32  Baneling  
  33  3:37  Baneling  
  33  3:39  Zergling x2  
  34  3:43  Zergling x2, Baneling  
  34  3:48  Baneling x2, Zergling x2  
  36  3:52  Zergling x2  
  36  3:54  Evolution Chamber  
  36  3:56  Zergling x2  
  37  4:04  Drone  
  38  4:13  Drone  
  38  4:14  Drone, Overlord  
  38  4:16  Drone  
  41  4:26  Drone  
  42  4:37  Drone  
  43  4:45  Drone  
  44  6:00  Metabolic Boost, Overlord  
  44  6:01  Burrow, Roach  
  44  6:02  Evolution Chamber  
  44  6:03  Drone  
  46  6:08  Hatchery  
  46  6:10  Roach  
  47  6:15  Drone  
  48  6:19  Roach  
  50  6:27  Zerg Ground Armor Level 1  
  50  6:29  Roach  
  50  6:32  Overlord  
  52  6:38  Roach  
  44  6:47  Roach  
  41  7:00  Hatchery  
  33  7:12  Queen  
  33  7:14  Roach  
  35  7:18  Drone x10  
  35  7:23  Drone x2, Roach  
  35  7:27  Roach  
  35  7:29  Roach  
  38  7:30  Roach  
  38  7:36  Evolution Chamber  
  33  7:37  Drone  
  33  7:39  Roach  
  33  7:43  Drone x2, Roach  
  31  7:44  Roach  
  31  7:48  Drone x5  
  31  7:49  Lair  
  31  7:54  Roach  
  29  7:59  Roach  
  29  8:01  Zerg Melee Weapons Level 1  
  29  8:04  Drone, Roach  
  30  8:06  Queen  
  30  8:10  Roach  
  30  8:12  Drone x2  
  25  8:14  Drone  
  25  8:17  Roach  
  20  8:20  Roach  
  20  8:21  Drone x2  
  20  8:24  Drone  
  21  8:28  Drone, Roach  
  21  8:33  Drone  
  25  8:50  Hydralisk Den  
  25  8:53  Drone  
  25  8:54  Drone  
  26  8:56  Drone  
  26  9:02  Drone  
  28  9:07  Drone  
  29  9:14  Drone  
  30  9:20  Drone  
  31  9:25  Drone  
  32  9:34  Hydralisk  
  34  9:40  Drone  
  34  9:44  Drone  
  36  9:48  Drone  
  36  9:52  Drone  
  38  9:55  Drone  
  38  9:59  Drone  
  40  10:04  Roach  
  42  10:13  Hydralisk, Drone  
  45  10:16  Drone  
  45  10:19  Drone  
  48  10:21  Drone  
  48  10:24  Drone  
  48  10:26  Drone  
  50  10:29  Drone  
  50  10:32  Drone  
  50  10:35  Drone  
  53  10:36  Overseer  
  53  10:39  Overseer  
  53  10:45  Hydralisk  
  55  10:50  Pneumatized Carapace  
  55  11:02  Hatchery  
  54  11:08  Overseer  
  50  11:12  Spore Crawler  
  50  11:14  Roach  
  45  11:18  Roach  
  45  11:23  Roach  
  45  11:27  Roach  
  45  11:31  Roach  
  49  11:35  Hydralisk  
  49  11:36  Spore Crawler  
  50  11:40  Zergling x2  
  50  11:44  Roach  
  53  11:48  Roach  
  53  11:53  Roach  
  57  11:57  Roach  
  59  12:01  Roach  
  59  12:05  Hydralisk  
  63  12:09  Hydralisk  
  63  12:12  Overlord  
  63  12:14  Hydralisk  
  68  12:15  Drone  
  68  12:17  Drone  
  68  12:20  Infestation Pit  
  68  12:27  Drone  
  69  12:30  Drone  
  69  12:33  Drone  
  69  12:35  Drone  
  72  12:37  Drone  
  72  12:39  Drone  
  72  12:41  Drone  
  72  12:43  Drone  
  76  12:45  Drone  
  76  12:47  Drone  
  76  12:50  Overlord  
  78  12:52  Drone  
  78  12:55  Drone  
  78  12:57  Drone, Infestor  
  84  12:58  Drone  
  84  13:03  Zerg Missile Weapons Level 1, Drone  
  84  13:05  Drone  
  86  13:06  Drone  
  86  13:08  Drone  
  86  13:11  Roach, Overlord  
  89  13:12  Drone  
  89  13:17  Drone  
  89  13:19  Drone  
  89  13:20  Drone  
  89  13:21  Roach x2  
  89  13:22  Zerg Melee Weapons Level 2  
  89  13:27  Roach  
  90  13:28  Zergling x2  
  90  13:30  Drone  
  90  13:31  Drone, Roach  
  90  13:32  Roach  
  90  13:34  Drone  
  87  13:36  Hydralisk  
  87  13:41  Roach  
  85  13:45  Roach  
  75  13:49  Roach  
  75  13:53  Hydralisk  
  74  13:59  Roach  
  74  14:00  Roach  
  75  14:05  Roach  
  75  14:06  Extractor  
  75  14:07  Extractor  
  72  14:10  Extractor  
  72  14:11  Roach  
  72  14:14  Hydralisk  
  69  14:18  Zergling x2  
  69  14:20  Drone  
  69  14:21  Zergling x2  
  69  14:22  Extractor  
  65  14:29  Zergling x2  
  54  14:35  Roach  
  54  14:37  Drone  
  54  14:38  Hydralisk  
  45  14:42  Zergling x2  
  42  14:45  Hydralisk  
  42  14:52  Roach  
  39  14:55  Hydralisk  
  39  14:59  Hydralisk  
  42  15:00  Hatchery  
  42  15:05  Roach  
  34  15:08  Hydralisk, Roach  
  34  15:10  Extractor  
  34  15:12  Zergling x2  
  34  15:13  Queen, Drone  
  28  15:29  Lair  
  28  15:33  Queen  
  25  15:45  Hatchery  
  25  15:47  Queen  
  20  16:28  Drone  
  18  16:40  Infestation Pit  
  14  16:56  Drone  
  14  17:01  Drone  
  14  17:02  Drone  
  15  17:08  Drone  
Tags
 
Add a new tag
Caveats
  • Supply blocks, unpowered buildings, or Contaminate may cause inaccurate times.
  • Supply counts are checked every 10 seconds.